 Dungeon Crawl Stone Soup version 0.14.2 (webtiles) character file.

254 KristoblXynda the Ruffian (level 4, -2/39 HPs)
             Began as a Troll Wizard on July 14, 2018.
             Slain by Grinder (8 damage)
             ... while paralysed by Grinder
             ... on Level 2 of the Dungeon on July 15, 2018.
             The game lasted 00:07:30 (1972 turns).

KristoblXynda the Ruffian (Troll Wizard)            Turns: 1972, Time: 00:07:30

HP  -2/39        AC  5     Str 15      XL: 4   Next: 72%
MP   5/5         EV  1     Int 15      God:
Gold 136         SH  0     Dex  8      Spells:  2 memorised,  3 levels left

rFire  . . .     SeeInvis .       - Unarmed
rCold  . . .     Clarity  .     a - +0 robe
rNeg   . . .     Conserve .     (shield restricted)
rPois  .         rCorr    .     b - +0 hat
rElec  .         rRot     .     (no cloak)
SustAb + .       Spirit   .     (gloves unavailable)
rMut   .         Warding  .     (boots unavailable)
Gourm  +         Stasis   .     (no amulet)
MR     .....                    g - ring of wizardry
                                e - ring of sustain abilities

@: paralysed, not resistant to hostile enchantments, unstealthy
A: unfitting armour, claws 3, fast metabolism 3, gourmand, regeneration 2,
saprovore 2, shaggy fur 1, tough skin 2
a: no special abilities


You were on level 2 of the Dungeon.
You were very full.

You visited 1 branch of the dungeon, and saw 3 of its levels.

You collected 136 gold pieces.

Inventory:

Armour
 a - a +0 robe (worn)
 b - a +0 hat (worn)
Comestibles
 d - 3 meat rations
 f - a honeycomb
 i - 2 chokos
 q - a pear
 t - a slice of pizza
 A - 2 bread rations
 B - 2 apples
Scrolls
 h - 4 scrolls of remove curse
 l - a scroll of enchant weapon I {unknown}
 m - a scroll of blinking
 r - a scroll of teleportation {unknown}
 u - 2 scrolls of amnesia {unknown}
Jewellery
 e - a ring of sustain abilities (left claw)
 g - a ring of wizardry (right claw)
 j - an uncursed ring of sustain abilities
 y - an uncursed amulet of stasis
Potions
 k - a potion of resistance {unknown}
 n - a potion of might
 p - a potion of restore abilities {unknown}
 s - a potion of mutation
 v - 3 potions of agility
 z - a potion of magic {unknown}
Books
 c - a book of Minor Magic

   Spells                             Type                      Level
   *Magic Dart                        Conjuration                  1
   Blink                              Translocation                2
   Call Imp                           Summoning                    2
   Repel Missiles                     Charms/Air                   2
   Slow                               Hexes                        2
   Conjure Flame                      Conjuration/Fire             3
   *Mephitic Cloud                    Conjuration/Poison/Air       3
 o - a book of Hinderance

   Spells                             Type                      Level
   Confusing Touch                    Hexes                        1
   Confuse                            Hexes                        3
   Petrify                            Transmutation/Earth          4
   Leda's Liquefaction                Hexes/Earth                  4
   Metabolic Englaciation             Hexes/Ice                    5
   Summon Mana Viper                  Hexes/Summoning              5


   Skills:
 - Level 1.5 Dodging
 - Level 1.1 Stealth
 + Level 2.8 Unarmed Combat
 - Level 2.1 Spellcasting
 + Level 2.3 Conjurations
   Level 0.6 Summonings
   Level 0.6 Translocations


You had 3 spell levels left.
You knew the following spells:

 Your Spells              Type           Power        Failure   Level  Hunger
a - Magic Dart            Conj           #...         4%          1    #......
b - Mephitic Cloud        Conj/Pois/Air  #.......     26%         3    ####...


Dungeon Overview and Level Annotations

Branches:
Dungeon (3/15)

Altars:
Sif Muna

Annotations:
D:2 Grinder


Innate Abilities, Weirdness & Mutations

You are too large for most types of armour.
You have claws for hands.
Your metabolism is lightning-fast.
You like to eat raw meat.
You heal very quickly.
You can eat rotten meat.
You are covered in fur (AC +1).
You have very tough skin (AC +2).


Message History

You hit Grinder.
Grinder is moderately wounded.
Grinder gestures at you.
You barely resist. You hit Grinder.
Grinder is heavily wounded.
Grinder barely misses you.
You barely miss Grinder.
Grinder is heavily wounded.
Grinder hits you!
You writhe in agony.
You hit Grinder.
Grinder is severely wounded.
Grinder gestures at you.
You suddenly lose the ability to move!
Grinder hits you.
You writhe in agony.
Grinder gestures at you. Pain shoots through your body!
* * * LOW HITPOINT WARNING * * *
Grinder hits you!
You die...

###########.....#
#...............#
#.#########.....# #.# #.....# #.#
##.#### ######
#.##########.#########.....
#.#........................
#######.#....>.5.#.#########.....
.............###@#.# #.....
#######.#.<..# #.#.# ###.##
#.####.# #.#.# #.# #.# #.# #.#.#
#.# #.# #.# #.#)# #.# #.#
#.###.#%## #.# #.#
#.##.....##########.## #.#
#.##..................
#######.####.##.....##########.##


You could see Grinder.

Vanquished Creatures
  Jessica (D:3)
  5 adders
  A giant mite (D:1)
  An orc (D:3)
  11 bats
  5 hobgoblins
  4 jackals (D:1)
  4 kobolds
  2 quokkas (D:2)
  3 ball pythons
  5 goblins
  8 rats
50 creatures vanquished.

Notes
Turn   | Place    | Note
--------------------------------------------------------------
     0 | D:1      | KristoblXynda, the Troll Wizard, began the quest for the Orb.
     0 | D:1      | Reached XP level 1. HP: 16/16 MP: 3/3
   218 | D:1      | Reached skill level 1 in Conjurations
   218 | D:1      | Reached XP level 2. HP: 9/24 MP: 3/3
   352 | D:1      | Reached skill level 1 in Unarmed Combat
   709 | D:1      | Reached XP level 3. HP: 31/31 MP: 5/5
  1144 | D:2      | Reached XP level 4. HP: 39/39 MP: 5/5
  1296 | D:3      | Noticed Grinder
  1511 | D:3      | Learned a level 3 spell: Mephitic Cloud
  1638 | D:3      | Noticed Jessica
  1651 | D:3      | Killed Jessica
  1755 | D:3      | Found a deep blue altar of Sif Muna.
  1969 | D:2      | Paralysed by Grinder for 7 turns
  1972 | D:2      | Slain by Grinder

Action                   |  1- 3 |  4- 6 || total
-------------------------+-------+-------++-------
Melee: Unarmed           |   135 |    75 ||   210
  Use: Scroll            |     4 |     1 ||     5
       Potion            |       |     2 ||     2
